Workbook

Sheet Fixed Cost
A2: Sales
A4: Rent… office and warehouse | B4: 15000
A5: Administration… take orders, etc | B5: 15000
A6: Warehouse Person… fulfill orders | B6: 15000
A7: TANSTAAFL Owners Compensation | B7: 0
A8: Professional Fees (Incorporate; Legal; Etc.) | B8: 5000
A9: Total Estimated Expenses (Fixed Costs) | B9: 50000
A10: Estimated Incremental Shipping Cost/Unit | B10: 0.5
A12: Total Fixed Cost | B12: =SUM(B4:B9) -> 100000
A14: Cost of Goods Sold | B14: 1
A16: Contribution / sales | B16: =Scenario!B8-Scenario!B7 -> 6.8435
B17: =B16/Scenario!B12 -> 0.68503504
B25: =Sheet1 -> #NAME?

Sheet Scenario
A1: Whats Math | B1: At Every day's Price | C1: At Promotion Price | D1: At Weighted Avg. Price
A3: WAIJA Required Margin | B3: =B7/B8 -> 0.31496496 | C3: =C7/C8 -> 0.21948242 | D3: =AVERAGE(B3:C3) -> 0.26722369
A4: Mix Of Total WAIJA Business
A5: WAIJA Discount To Consumer
A6: Sell Price To Consumer | B6: 8.99 | C6: =80%*B6 -> 7.192 | D6: =B6/B6 -> 1
A7: WAIJA Gross Profit | B7: =35%*B6 -> 3.1465 | C7: =25%*C6 -> 1.798 | D7: =B7/B6 -> 0.35
A8: Sell Price To WAIJA | B8: 9.99 | C8: =C6+1 -> 8.192 | D8: =B8/B8 -> 1
A9: WAIJA Mark-Up % | B9: =B7/(B8-B7) -> 0.45977935 | C9: =C7/(C8-C7) -> 0.28120113
A11: AA-YSR Required Mark-Up | B11: 0.1 | C11: =10% -> 0.1
A12: Sell Price To AA-YSR | B12: =B8 -> 9.99 | C12: =C8 -> 8.192
A13: AA-YSR Gross Profit | B13: =B14*B12 -> 1.11 | C13: =C14*C12 -> 0.91022222
A14: AA-YSR Margin % | B14: =B11/(1-B11) -> 0.11111111 | C14: =C11/(1-C11) -> 0.11111111
A16: TANSTAAFL Product Cost/ Unit
A17: TANSTAAFL Incr. Shipping/Unit | B17: 1 | C17: 1
A18: TANSTAAFL CGS | B18: =B12-B13 -> 8.88 | C18: =C12-C13 -> 7.2817778
A19: TANSTAAFL Gross Profit/ Unit | B19: =B13 -> 1.11 | C19: =C13 -> 0.91022222
A20: TANSTAAFL Margin | B20: =B14 -> 0.11111111 | C20: =C14 -> 0.11111111
A21: TANSTAAFL Mark-Up % | B21: =B11 -> 0.1 | C21: =C11 -> 0.1
A23: QUESTION 1 - TANSTAAFL Break Even Units | B23: =ROUND('Fixed Cost'!B12/(Scenario!B8-Scenario!B7),0) -> 14612 | C23: ='Fixed Cost'!B12/(Scenario!C8-Scenario!C7) -> 15639.662
A25: QUESTION 1 - TANSTAAFL Break Even Dollars
A26: Project Busines | B26: ='Fixed Cost'!B12/'Fixed Cost'!B17 -> 145977.94 | C26: =C23*C8 -> 128120.11
A27: Projected CGS | B27: =B18+1 -> 9.88 | C27: =C18+1 -> 8.2817778
A28: Projected Gross Profit | B28: =B12-B27 -> 0.11 | C28: =C12-C27 -> -0.089777778
A30: Annual Expense (Fixed Cost) | B30: ='Fixed Cost'!B12 -> 100000 | C30: =B30 -> 100000
A32: QUESTION 2 TANSTAFFL Projected Profit | B32: =B28 -> 0.11 | C32: =C28 -> -0.089777778
A34: QUESTION 3 TANSTAFFL OPTIONS – INCLUDE?

Sheet Option 1
A1: Whats Math | B1: At Every day's Price | C1: At Promotion Price | D1: At Weighted Avg. Price
A3: WAIJA Required Margin | B3: =B7/B8 -> 0.31496496 | C3: =C7/C8 -> 0.21948242 | D3: =AVERAGE(B3:C3) -> 0.26722369
A4: Mix Of Total WAIJA Business
A5: WAIJA Discount To Consumer
A6: Sell Price To Consumer | B6: 8.99 | C6: =80%*B6 -> 7.192 | D6: =B6/B6 -> 1
A7: WAIJA Gross Profit | B7: =35%*B6 -> 3.1465 | C7: =25%*C6 -> 1.798 | D7: =B7/B6 -> 0.35
A8: Sell Price To WAIJA | B8: 9.99 | C8: =C6+1 -> 8.192 | D8: =B8/B8 -> 1
A9: WAIJA Mark-Up % | B9: =B7/(B8-B7) -> 0.45977935 | C9: =C7/(C8-C7) -> 0.28120113
A11: AA-YSR Required Mark-Up | B11: 0.1 | C11: =10% -> 0.1
A12: Sell Price To AA-YSR | B12: =B8 -> 9.99 | C12: =C8 -> 8.192
A13: AA-YSR Gross Profit | B13: =B14*B12 -> 1.11 | C13: =C14*C12 -> 0.91022222
A14: AA-YSR Margin % | B14: =B11/(1-B11) -> 0.11111111 | C14: =C11/(1-C11) -> 0.11111111
A16: TANSTAAFL Product Cost/ Unit
A17: TANSTAAFL Incr. Shipping/Unit | B17: 1 | C17: 1
A18: TANSTAAFL CGS | B18: =B12-B13 -> 8.88 | C18: =C12-C13 -> 7.2817778
A19: TANSTAAFL Gross Profit/ Unit | B19: =B13 -> 1.11 | C19: =C13 -> 0.91022222
A20: TANSTAAFL Margin | B20: =B14 -> 0.11111111 | C20: =C14 -> 0.11111111
A21: TANSTAAFL Mark-Up % | B21: =B11 -> 0.1 | C21: =C11 -> 0.1
A23: QUESTION 1 - TANSTAAFL Break Even Units | B23: =ROUND('Fixed Cost'!B12/(Scenario!B8-Scenario!B7),0) -> 14612 | C23: ='Fixed Cost'!B12/(Scenario!C8-Scenario!C7) -> 15639.662
A25: QUESTION 1 - TANSTAAFL Break Even Dollars
A26: Project Busines | B26: ='Fixed Cost'!B12/'Fixed Cost'!B17 -> 145977.94 | C26: =C23*C8 -> 128120.11
A27: Projected CGS | B27: =B18+1 -> 9.88 | C27: =C18+1 -> 8.2817778
A28: Projected Gross Profit | B28: =B12-B27 -> 0.11 | C28: =C12-C27 -> -0.089777778
A30: Annual Expense (Fixed Cost) | B30: ='Fixed Cost'!B12 -> 100000 | C30: =B30 -> 100000
A32: QUESTION 2 TANSTAFFL Projected Profit | B32: =B28 -> 0.11 | C32: =C28 -> -0.089777778
A34: QUESTION 3 TANSTAFFL OPTIONS – INCLUDE?
A38: Option 1 is better than option 2

Sheet Option 2
A1: Whats Math | B1: At Every day's Price | C1: At Promotion Price | D1: At Weighted Avg. Price
A3: WAIJA Required Margin | B3: =B7/B8 -> 0.31496496 | C3: =C7/C8 -> 0.21948242
A4: Mix Of Total WAIJA Business
A5: WAIJA Discount To Consumer
A6: Sell Price To Consumer | B6: 8.99 | C6: =80%*B6 -> 7.192 | D6: =B6/B6 -> 1
A7: WAIJA Gross Profit | B7: =35%*B6 -> 3.1465 | C7: =25%*C6 -> 1.798 | D7: =B7/B6 -> 0.35
A8: Sell Price To WAIJA | B8: 9.99 | C8: =C6+1 -> 8.192 | D8: =B8/B8 -> 1
A9: WAIJA Mark-Up % | B9: =B7/(B8-B7) -> 0.45977935 | C9: =C7/(C8-C7) -> 0.28120113
A11: AA-YSR Required Mark-Up | B11: 0.1 | C11: =10% -> 0.1
A12: Sell Price To AA-YSR | B12: =B8+0.5 -> 10.49 | C12: =C8+0.5 -> 8.692
A13: AA-YSR Gross Profit | B13: =B14*B12 -> 1.1655556 | C13: =C14*C12 -> 0.96577778
A14: AA-YSR Margin % | B14: =B11/(1-B11) -> 0.11111111 | C14: =C11/(1-C11) -> 0.11111111
A16: TANSTAAFL Product Cost/ Unit | B16: =B18-B17 -> 8.3244444 | C16: =C18-C17 -> 6.7262222
A17: TANSTAAFL Incr. Shipping/Unit | B17: 1 | C17: 1
A18: TANSTAAFL CGS | B18: =B12-B13 -> 9.3244444 | C18: =C12-C13 -> 7.7262222
A19: TANSTAAFL Gross Profit/ Unit | B19: =B13 -> 1.1655556 | C19: =C13 -> 0.96577778
A20: TANSTAAFL Margin | B20: =B14 -> 0.11111111 | C20: =C14 -> 0.11111111
A21: TANSTAAFL Mark-Up % | B21: =B11 -> 0.1 | C21: =C11 -> 0.1
A23: QUESTION 1 - TANSTAAFL Break Even Units | B23: =ROUND('Fixed Cost'!B12/(Scenario!B8-Scenario!B7),0) -> 14612 | C23: ='Fixed Cost'!B12/(Scenario!C8-Scenario!C7) -> 15639.662
A25: QUESTION 1 - TANSTAAFL Break Even Dollars
A26: Project Busines | B26: ='Fixed Cost'!B12/'Fixed Cost'!B17 -> 145977.94 | C26: =C23*C8 -> 128120.11
A27: Projected CGS | B27: =B18+1 -> 10.324444 | C27: =C18+1 -> 8.7262222
A28: Projected Gross Profit | B28: =B12-B27 -> 0.16555556 | C28: =C12-C27 -> -0.034222222
A30: Annual Expense (Fixed Cost) | B30: ='Fixed Cost'!B12 -> 100000 | C30: =B30 -> 100000
A32: QUESTION 2 TANSTAFFL Projected Profit | B32: =B28 -> 0.16555556 | C32: =C28 -> -0.034222222
A34: QUESTION 3 TANSTAFFL OPTIONS – INCLUDE? | B34: 1
